 Dungeon Crawl Stone Soup version 0.30-a0-918-g0ff054e9dc (webtiles) character file.

Game seed: 5964945744193134463

4914 Flugkiller the Covert (level 10, -3/71 (77) HPs)
             Began as a Formicid Brigand on Mar 20, 2023.
             Was a Follower of Uskayaw.
             Collided with a crystal wall (12 damage)
             ... caused by a wretched star
             ... on level 3 of the Abyss.
             The game lasted 00:14:54 (10499 turns).

Flugkiller the Covert (Formicid Brigand)           Turns: 10499, Time: 00:14:54

HP:   -3/71 (77)    AC:  6    Str: 13    XL:     10   Next: 80%
MP:   17/17         EV: 15    Int: 16    God:    Uskayaw [*.....]
Gold: 534           SH:  0    Dex: 23    Spells: 14/19 levels left

rFire   . . .      SeeInvis +    B - +0 scimitar (heavy)
rCold   . . .      Faith    +    (no shield)
rNeg    . . .      Spirit   .    G - +2 robe
rPois   +          Reflect  .    (helmet unavailable)
rElec   +          Rampage  .    v - scarf "Cytobuan" {shadows, Fly rElec Str-2}
rCorr   .                        (no gloves)
Will    +....                    y - +1 pair of boots
Stlth   ++++                     b - amulet of faith
HPRegen 0.31/turn                l - +6 ring of intelligence
MPRegen 0.15/turn                o - ring of poison resistance

@: brilliant, flying, drained
A: permanent stasis, dig shafts and tunnels, antennae 3, four strong arms, agile
1
a: Dig, Shaft Self, Renounce Religion, Stomp


You were on level 3 of the Abyss.
You worshipped Uskayaw.
Uskayaw was noncommittal.
You visited 1 branch of the dungeon, and saw 9 of its levels.
You visited the Abyss 1 time.

You collected 534 gold pieces.

Inventory:

Hand Weapons
 a - a +1 vampiric dagger
   (You took it off a goblin on level 4 of the Dungeon)
 t - a +2 dagger of venom
   (You took it off a goblin on level 4 of the Dungeon)
 B - a +0 heavy scimitar (weapon)
   (You found it on level 5 of the Dungeon)
 F - a +2 dagger of protection
   (You took it off an orc wizard on level 4 of the Dungeon)
Missiles
 d - 41 poisoned darts (quivered)
 h - 9 boomerangs
 i - a curare-tipped dart
Armour
 c - a +0 cloak
 q - a +0 buckler
   (You found it on level 3 of the Dungeon)
 v - the scarf "Cytobuan" (worn) {shadows, Fly rElec Str-2}
   (You found it on level 3 of the Dungeon)

   Str:       It affects your strength (-2).
   rElec:     It insulates you from electricity.
   Fly:       It grants you flight.
 y - a +1 pair of boots (worn)
   (You found it on level 5 of the Dungeon)
 G - a +2 robe (worn)
   (You took it off Pikel on level 7 of the Dungeon)
Jewellery
 b - an amulet of faith (around neck)
   (You found it on level 8 of the Dungeon)
 l - a +6 ring of intelligence (left hand)
   (You found it on level 2 of the Dungeon)
 o - a ring of poison resistance (right hand)
   (You found it on level 5 of the Dungeon)
Wands
 e - a wand of flame (9)
   (You took it off Sigmund on level 3 of the Dungeon)
 z - a wand of charming (6)
   (You found it on level 7 of the Dungeon)
 H - a wand of roots (9)
   (You found it on level 8 of the Dungeon)
Scrolls
 p - a scroll of butterflies {unknown}
 u - 2 scrolls of poison
 w - a scroll of fear
 x - a scroll of vulnerability
 A - a scroll of blinking {unknown}
 C - 2 scrolls of magic mapping
 D - a scroll of enchant weapon {unknown}
 E - a scroll of silence
Potions
 f - 2 potions of attraction
 n - 2 potions of resistance
 s - 3 potions of ambrosia


   Skills:
 + Level 6.9 Fighting
 - Level 4.5 Short Blades
 - Level 3.0 Throwing
 + Level 4.8 Dodging
 - Level 8.0 Stealth
 + Level 5.2 Spellcasting
 + Level 4.7 Conjurations
 + Level 5.7 Transmutations
 - Level 6.0 Invocations
 + Level 2.0 Evocations


You had 14 spell levels left.
You knew the following spells:

 Your Spells              Type           Power      Damage    Failure   Level
i - Irradiate             Conj/Tmut      15%        3d16      43%         5

Your spell library contained the following spells:

 Spells                   Type           Power      Damage    Failure   Level
 Momentum Strike          Conj/Tloc      34%        3d8       9%          2
 Freeze                   Ice            24%        1d4       16%         1
 Hailstorm                Conj/Ice       17%        3d6       17%         3
 Stone Arrow              Conj/Erth      34%        3d9       17%         3
 Lesser Beckoning         Tloc           12%        N/A       22%         2
 Sublimation of Blood     Necr           6%         N/A       22%         2
 Frozen Ramparts          Ice            12%        1d2       41%         3
 Petrify                  Tmut/Erth      20%        N/A       41%         4
 Animate Armour           Summ/Erth      12%        N/A       83%         4
 Freezing Cloud           Conj/Ice/Air   6%         6-21      91%         5
 Metabolic Englaciation   Hex/Ice        3%         N/A       99%         5
 Simulacrum               Ice/Necr       3%         N/A       100%        6
 Statue Form              Tmut/Erth      13%        N/A       100%        6
 Lehudib's Crystal Spear  Conj/Erth      8%         10d4      100%        8
 Polar Vortex             Ice            3%         N/A       100%        9
 Blink                    Tloc           Unusable   N/A       N/A         2

Dungeon Overview and Level Annotations

Branches:
Dungeon (9/15) Zot: 26724  Temple (0/1) D:6
   Lair: D:8-11         Orc: D:9-12

Altars:
Cheibriados
Elyvilon
Kikubaaqudgha
Okawaru
Ru
Sif Muna
Uskayaw
Wu Jian
Xom
Yredelemnul

Shops:
D:5 (

Annotations:
D:4 3 runed translucent doors, gabibbone's ghost, amateur TeAE
D:6 1 runed translucent door, Crazy Yiuf


Innate Abilities, Weirdness & Mutations

You cannot be hasted, slowed, berserked, paralysed or teleported.
You can dig through walls and to a lower floor.
You have a pair of large antennae on your head. (SInv)
Your four strong arms can wield two-handed weapons with a shield.
You are agile. (Dex +4, Str/Int -1)


Message History

The raiju attacks as you move away! The raiju bites you but does no damage.
The raiju attacks as you move away! The raiju bites you. The raiju shocks you.
You resist.
You closely miss the raiju. You hit the raiju.
The raiju is poisoned.
The raiju is lightly wounded.
The raiju closely misses you.
You hit the raiju but do no damage.
The raiju looks as sick as possible!
The raiju is lightly wounded.
The raiju misses you.
You hit the raiju.
The raiju is moderately wounded.
The raiju bursts into living lightning!
The living lightning hits you. You resist.
The raiju blinks!
You hit the raiju.
The raiju looks as sick as possible!
The raiju is heavily wounded.
You hit the raiju but do no damage.
The raiju looks as sick as possible!
The raiju is heavily wounded.
The raiju bites you but does no damage.
You barely miss the raiju.
The raiju is heavily wounded.
The raiju bites you but does no damage.
You hit the raiju but do no damage.
The raiju is poisoned.
The raiju bites you! The raiju shocks you. You resist. The raiju bites you.
The raiju shocks you. You resist.
You hit the raiju.
The raiju is lightly wounded.
You hit the raiju.
The raiju looks as sick as possible!
The raiju is lightly wounded.
The raiju misses you. The raiju barely misses you.
You can now pass through a line of other dancers.
You hit the raiju but do no damage.
The raiju is moderately wounded.
The raiju bites you but does no damage. The raiju bites you.
The raiju shocks you. You resist.
You hit the raiju but do no damage.
The raiju looks as sick as possible!
The raiju is moderately wounded.
The raiju closely misses you.
The raiju bursts into living lightning!
The living lightning hits you. You resist.
The living lightning hits the raiju.
The raiju completely resists.
The raiju blinks! x2
You barely miss the raiju.
The raiju is heavily wounded.
You hit the raiju.
The raiju is heavily wounded.
The raiju misses you. The raiju barely misses you.
You stomp with the beat, sending a shockwave through the revellers around you!
The raiju is severely wounded.
You kill the raiju!
You can no longer pass through a line of other dancers.
The raiju bursts into living lightning!
The living lightning hits you! You resist.
The raiju blinks!
You can now pass through a line of other dancers.
You hit the raiju.
You kill the raiju!
Your Evocations skill increases to level 2!
Things that are here:
a raiju corpse; a raiju corpse You start resting.
Magic restored.
You start resting.
You sense a monster nearby.
You start resting.
A wretched star comes into view.
As you read the scroll of fog, it crumbles to dust.
The scroll dissolves into smoke.
You extend your mandibles.
You dig through the rock wall.
You feel drained.
You retract your mandibles.
You start resting.
A wretched star is nearby!
Unknown command.
Unknown command.
As you read the scroll of fog, it crumbles to dust.
The scroll dissolves into smoke.
You extend your mandibles.
You dig through the rock wall.
You feel drained.
It was a potion of brilliance.
You feel clever all of a sudden.
The wretched star glows turbulently.
The lance of force hits you!!
You are knocked back by the lance of force.
You slam into the crystal wall!
It was a potion of berserk rage.
Your stasis prevents you from going berserk.
Okay, then.
Unknown command.
Okay, then.
Okay, then.
Okay, then.
Your +2 dagger of venom stops dripping with poison.
B - a +0 heavy scimitar (weapon)
You retract your mandibles.
You hit the wretched star but do no damage.
The wretched star glows turbulently.
The lance of force hits you!!
* * * LOW HITPOINT WARNING * * *
You are knocked back by the lance of force.
You slam into the crystal wall!
You die...

# .
..#. #.
### *#
. # .
.# ##.
# . #§
#. .#.
. .#*#
# †# .#
##§####
#§*@#
{#####
. { . .
.. { ##
### ..
{ h . .
§ # ##
h .


You could see a wretched star.

Vanquished Creatures
  Pikel (D:7)
  2 raiju (Abyss:3)
  Sigmund (D:3)
  5 yaks
  2 wyverns
  2 steam dragons
  2 water moccasins (D:8)
  An acid dragon (D:6)
  4 ice beasts
  3 ogres
  2 black bears
  2 lemures (D:7)
  A phantom (D:4)
  4 centaurs
  3 kobold brigands
  A scorpion (D:7)
  A bullfrog (D:9)
  6 killer bees (D:9)
  A howler monkey (D:6)
  A gnoll bouda (D:5)
  3 hounds
  3 orc priests (D:8)
  2 jellies (D:6)
  3 iguanas
  An orc wizard (D:4)
  9 adders
  7 gnolls
  A shadow imp (D:5)
  A white imp (D:8)
  A dart slug (D:2)
  10 orcs
  6 ball pythons
  12 endoplasms
  3 giant cockroaches (D:1)
  20 goblins
  13 hobgoblins
  A jackal (D:2)
  17 kobolds
  A quokka (D:4)
  5 bats
  10 frilled lizards
  3 rats
177 creatures vanquished.

Vanquished Creatures (others)
  A plant (D:1)
1 creature vanquished.

Grand Total: 178 creatures vanquished

Notes
Turn   | Place    | Note
-------+----------+-------------------------------------------
     0 | D:1      | Flugkiller the Formicid Brigand began the quest for the
                  | Orb.
     0 | D:1      | Reached XP level 1. HP: 16/16 MP: 1/1
   137 | D:1      | Reached skill level 5 in Stealth
   145 | D:1      | Reached XP level 2. HP: 16/23 MP: 2/2
   575 | D:1      | Reached XP level 3. HP: 27/28 MP: 3/3
   680 | D:1      | You fall into a shaft and drop 1 floor!
   716 | D:2      | Noticed an ogre
  1079 | D:2      | Reached XP level 4. HP: 35/35 MP: 4/4
  1238 | D:2      | Reached XP level 5. HP: 41/41 MP: 5/5
  1252 | D:2      | Found a faded altar of an unknown god.
  1279 | D:2      | Prayed at the altar of an unknown god.
  1279 | D:2      | Became a worshipper of Uskayaw the Reveller
  1279 | D:2      | Reached * piety under Uskayaw
  1504 | D:2      | Reached ** piety under Uskayaw
  1515 | D:2      | Found a hide-covered altar of Uskayaw.
  1589 | D:2      | Identified the +5 whip "Wawkif" {antimagic, *Slow +Blink
                  | Str+4 Int+2}
  1665 | D:2      | Killed an ogre
  1666 | D:2      | Reached XP level 6. HP: 45/47 MP: 5/8
  2400 | D:3      | Reached skill level 1 in Dodging
  2407 | D:3      | Noticed Sigmund
  2593 | D:3      | Killed Sigmund
  2594 | D:3      | Reached skill level 1 in Transmutations
  2594 | D:3      | Reached XP level 7. HP: 9/53 MP: 9/9
  2824 | D:3      | Identified the scarf "Cytobuan" {shadows, Fly rElec Str-2}
  3216 | D:4      | Reached skill level 1 in Spellcasting
  3407 | D:4      | Reached skill level 1 in Conjurations
  3431 | D:4      | Found an ornate altar of the Wu Jian Council.
  3431 | D:4      | Found an ancient bone altar of Kikubaaqudgha.
  3437 | D:4      | Found a shimmering blue altar of Sif Muna.
  3440 | D:4      | Found a shimmering altar of Xom.
  3442 | D:4      | Found a sacrificial altar of Ru.
  3474 | D:4      | Found a basalt altar of Yredelemnul.
  3847 | D:4      | Found a runed translucent gate.
  3847 | D:4      | Found a runed translucent gate.
  3848 | D:4      | Found a runed translucent gate.
  3853 | D:4      | Noticed gabibbone's ghost (amateur TeAE)
  3855 | D:4      | Identified the +3 spear "Acarinebane" {freeze, rElec Will+}
  3855 | D:4      | Identified the +5 ring mail of Good Intentions {Slay+3}
  3876 | D:4      | Found a white marble altar of Elyvilon.
  4087 | D:5      | Entered Level 5 of the Dungeon
  4417 | D:5      | Found Uvarofum's Weapon Shoppe.
  4434 | D:5      | Reached XP level 8. HP: 4/60 MP: 10/10
  5112 | D:5      | Reached skill level 6 in Stealth
  5364 | D:6      | Reached *** piety under Uskayaw
  5368 | D:6      | Found an iron altar of Okawaru.
  5657 | D:6      | Gained mutation: You have hidden genetic defects. [potion
                  | of mutation]
  5657 | D:6      | Lost mutation: You have hidden genetic defects. [potion of
                  | mutation]
  5657 | D:6      | Gained mutation: You are agile. (Dex +4, Str/Int -1)
                  | [potion of mutation]
  5677 | D:6      | HP: 2/61 [centaur/arrow (10)]
  5889 | D:5      | Reached skill level 5 in Fighting
  5889 | D:5      | Reached XP level 9. HP: 24/68 MP: 13/13
  6134 | D:6      | Reached skill level 5 in Invocations
  6409 | D:6      | Found a snail-covered altar of Cheibriados.
  6457 | D:6      | Found a staircase to the Ecumenical Temple.
  6705 | D:6      | Found a runed translucent door.
  6706 | D:6      | Noticed Crazy Yiuf
  7043 | D:7      | Reached skill level 7 in Stealth
  7868 | D:7      | Noticed Pikel
  7913 | D:7      | Learned a level 5 spell: Irradiate
  7942 | D:7      | Killed Pikel
  7943 | D:7      | Reached XP level 10. HP: 55/76 MP: 14/16
  8869 | D:7      | Reached skill level 5 in Transmutations
  9133 | D:8      | Reached skill level 8 in Stealth
 10128 | D:9      | Reached skill level 1 in Evocations
 10175 | D:9      | Reached skill level 5 in Spellcasting
 10194 | D:9      | Reached **** piety under Uskayaw
 10352 | D:9      | Noticed a wizard
 10363 | Abyss:3  | Cast into level 3 of the Abyss (a wizard)
 10462 | Abyss:3  | Noticed a wretched star
 10499 | Abyss:3  | Collided with a crystal wall

Illustrated notes

Levels and vault maps discovered:
D:1:      dpeg_cavernosity, layout_basic, serial_bayou_pond_e
D:2:      layout_rooms, chequers_ecumenical_altar_twisty,
          mrwooster_statue_mirror, minmay_surrounded
D:3:      kennysheep_the_goblin_king, layout_loops_ring,
          amcnicky_mini_corridor_feature, uniq_sigmund
D:4:      layout_basic, overflow_temple_1_default,
          nicolae_overflow_hallway_of_the_gods, biasface_ghost_orc_armoury,
          kennysheep_small_circle
D:5:      layout_basic, serial_shops, nicolae_shop_bloodbath_and_beyond,
          kennysheep_doodads
D:6:      layout_rooms, overflow_temple_1_default,
          nicolae_overflow_crystal_walls, minmay_temple_entry_overgrown,
          st_stairs_9, uniq_crazy_yiuf_cottage
D:7:      layout_gridville, uniq_pikel
D:8:      layout_basic, minmay_quadrilaterals
D:9:      layout_gridville, hiddenorc1_lemuel, laboratory, uniq_erolcha
Abyss:3:  base: D:6, hangedman_abyss_rune_macabre_mess

Skill      XL: |  1  2  3  4  5  6  7  8  9 10 |
---------------+-------------------------------+-----
Stealth        | 5 6 7 8 |  8.0
Fighting       | 3 4 5 6 |  6.9
Short Blades   | 3 4 |  4.5
Throwing       | 3 |  3.0
Invocations    | 3 4 5 6 |  6.0
Dodging        | 1 2 3 4 |  4.8
Transmutations | 1 2 3 4 5 |  5.7
Spellcasting   | 1 3 4 5 |  5.2
Conjurations   | 1 2 3 4 |  4.7
Evocations     | 2 |  2.0

Action                     |  1- 3 |  4- 6 |  7- 9 | 10-12 || total
---------------------------+-------+-------+-------+-------++-------
  Melee: Dagger            |   103 |   131 |   316 |   199 ||   749
         Punch             |       |     3 |     4 |     3 ||    10
         Scimitar          |       |       |       |     1 ||     1
  Throw: Dart              |       |    22 |    10 |       ||    32
 Invoke: Stomp             |       |       |     1 |     6 ||     7
Ability: Dig               |       |     1 |       |     2 ||     3
  Evoke: Wand              |       |       |     7 |     3 ||    10
    Use: Scroll            |       |     2 |     8 |     7 ||    17
         Potion            |       |       |     4 |     2 ||     6
   Stab: Sleeping          |    12 |     9 |    13 |     4 ||    38
         Distracted        |       |     1 |       |       ||     1
         Paralysed         |       |       |     2 |     1 ||     3
 Armour: Robe              |    21 |    28 |    47 |    35 ||   131
  Dodge: Dodged            |    52 |    71 |   195 |   149 ||   467

Table legend: (Time is in decaauts)
 A = Elapsed time spent in this place.
 B = Non-inter-level travel time spent in this place.
 C = Inter-level travel time spent in this place.
 D = Time resting spent in this place.
 E = Time spent auto-exploring this place.
 F = Levels seen in this place.
 G = Mean time per level.
                   A        B        C        D        E       F      G
               +--------+--------+--------+--------+--------+-----+--------+
         Total |  10346 |   9942 |    404 |   3632 |   3972 |  10 | 1034.6 |
       Dungeon |  10214 |   9810 |    404 |   3542 |   3972 |   9 | 1134.9 |
         Abyss |    131 |    131 |      0 |     90 |      0 |   1 |  131.0 |
               +--------+--------+--------+--------+--------+-----+--------+

Top non-repeatable levels by time:
     D:7: 1926 daAuts
     D:5: 1863 daAuts
     D:8: 1201 daAuts
     D:1: 1105 daAuts
     D:3: 1101 daAuts
     D:2: 952 daAuts
     D:6: 918 daAuts
     D:4: 870 daAuts
     D:9: 274 daAuts
 Abyss:3: 131 daAuts
